 Seeded DCSS version 0.27-a0-46-g34d46f0a3f (webtiles) character file.

Game seed: 20210106 (custom seed)

23039 saturdyl the Fighter (level 12, -1/115 HPs)
             Began as a Minotaur Gladiator on Jan 6, 2021.
             Was an Elder of Wu Jian.
             Slain by a sun demon (16 damage)
             ... summoned by an orc high priest
             ... on level 2 of the Orcish Mines.
             The game lasted 01:35:57 (18066 turns).

saturdyl the Fighter (Minotaur Gladiator)          Turns: 18066, Time: 01:35:57

Health: -1/115     AC: 13    Str: 23    XL:     12   Next: 68%
Magic:  11/11      EV:  9    Int:  5    God:    Wu Jian [****..]
Gold:   1133       SH:  0    Dex: 13    Spells: 11/11 levels left

rFire    . . .     SeeInvis .   g - +8 hand axe of Inquiry {vorpal, Fragile +Rage rC+ Will+}
rCold    + . .     Faith    .   (no shield)
rNeg     . . .     Spirit   .   M - +1 plate armour
rPois    .         Reflect  .   c - +0 hat
rElec    .         Harm     .   A - +0 cloak
rCorr    .         Rampage  .   C - +0 pair of gloves
Will     +....                  J - +0 pair of boots
Stlth    ..........             R - amulet of the acrobat
HPRegen  0.29/turn              i - +4 ring of protection
MPRegen  0.12/turn              j - +4 ring of protection

@: about to teleport, corroded, berserk cooldown
A: retaliatory headbutt, horns 2
a: Renounce Religion, Evoke Berserk Rage, Wall Jump, Serpent's Lash


You were on level 2 of the Orcish Mines.
You worshipped Wu Jian.
Wu Jian was greatly pleased with you.
You visited 2 branches of the dungeon, and saw 15 of its levels.
You also visited: Sewer.

You collected 1172 gold pieces.
You spent 39 gold pieces at shops.

Inventory:

Hand Weapons
 g - the +8 hand axe of Inquiry (weapon) {vorpal, Fragile +Rage rC+ Will+}
   (You found it on level 10 of the Dungeon)

   It inflicts extra damage upon your enemies.
   It protects you from cold.
   It affects your willpower, your defense against some magical effects.
   It lets you go berserk.
   It will be destroyed if unequipped.
 x - a +4 flail of protection
 G - the +3 hand axe of Dawn {drain, rF+ Str-3 Stlth+}
   (You found it on level 12 of the Dungeon)

   A truly terrible weapon, it drains the life of those it strikes.
   It affects your strength (-3).
   It protects you from fire.
   It makes you more stealthy.
 V - a +2 vorpal hand axe
Missiles
 d - 3 throwing nets
 s - 371 stones
 F - 12 boomerangs
Armour
 c - a +0 hat (worn)
 A - a +0 cloak (worn)
 C - a +0 pair of gloves (worn)
 J - a +0 pair of boots (worn)
 M - a +1 plate armour (worn)
Jewellery
 i - a +4 ring of protection (left hand)
 j - a +4 ring of protection (right hand)
 w - a +4 ring of evasion {unknown}
 R - an amulet of the acrobat (around neck)
 W - an uncursed ring of ice {unknown}
Wands
 b - a wand of random effects (21)
 N - a wand of disintegration (1)
 Z - a wand of acid (10)
Scrolls
 f - 6 scrolls of teleportation
 h - 6 scrolls of magic mapping
 p - 2 scrolls of identify
 r - 2 scrolls of enchant armour
 v - 2 scrolls of remove curse
 y - a scroll of amnesia
 D - a scroll of enchant weapon
 E - a scroll of brand weapon {unknown}
Potions
 e - 10 potions of curing
 m - 2 potions of haste
 t - 4 potions of flight
 B - 2 potions of magic
 H - 2 potions of brilliance
 I - 2 potions of lignification
 L - a potion of ambrosia
 O - 2 potions of mutation
 P - a potion of might
 Q - 2 potions of cancellation
 S - a potion of resistance {unknown}
 Y - a potion of attraction {unknown}
Miscellaneous
 T - a box of beasts (quivered)
 U - a lightning rod (4/4)


   Skills:
 + Level 13.0 Fighting
 - Level 5.2 Long Blades
 + Level 10.7(12.4) Axes
 - Level 10.7(12.4) Maces & Flails
 - Level 6.3 Throwing
 + Level 12.9 Armour
 - Level 4.5 Dodging
 - Level 0.1 Stealth


You had 11 spell levels left.
You didn't know any spells.
Your spell library contained the following spells:

 Spells                   Type           Power        Failure   Level
 Foxfire                  Conj/Fire      0%           99%         1
 Summon Small Mammal      Summ           0%           99%         1
 Call Imp                 Summ           0%           100%        2
 Call Canine Familiar     Summ           0%           100%        3
 Conjure Flame            Conj/Fire      0%           100%        3
 Inner Flame              Hex/Fire       0%           100%        3
 Summon Guardian Golem    Hex/Summ       0%           100%        3
 Sticky Flame             Conj/Fire      0%           100%        4
 Summon Ice Beast         Ice/Summ       0%           100%        4
 Summon Lightning Spire   Summ/Air       0%           100%        4
 Fireball                 Conj/Fire      0%           100%        5


Dungeon Overview and Level Annotations

Branches:
Dungeon (13/15)            Temple (0/1) D:6            Lair (0/6) D:8
    Orc (2/2) D:11            Elf (0/3) Orc:2        Vaults (0/5) D:13
  Sewer (visited)

Altars:
Ashenzari
Dithmenos
Elyvilon
Fedhas
Kikubaaqudgha
Makhleb
Nemelex Xobeh
Qazlal
Ru
Sif Muna
Wu Jian
Yredelemnul

Shops:
D:7 *


Innate Abilities, Weirdness & Mutations

You reflexively headbutt those who attack you in melee.
You have a pair of horns on your head.


Message History

The orange demon stings you but does no damage.
Something hits you but does no damage.
The orc sorcerer hits you but does no damage.
As you read the scroll of fear, it crumbles to dust.
You assume a fearsome visage.
The orange demon is unaffected.
The ynoxinul is unaffected.
The sun demon is unaffected.
The orc high priest looks frightened!
The orc sorcerer looks frightened!
The orange demon closely misses you. The orange demon closely misses you.
As you read the scroll of teleportation, it crumbles to dust.
You feel strangely unstable.
The sun demon hits you but does no damage.
The orange demon stings you from afar. The sun demon hits you!
* * * LOW HITPOINT WARNING * * *
You are engulfed in flames!
* * * LOW HITPOINT WARNING * * *
You feel better. The sun demon hits you.
* * * LOW HITPOINT WARNING * * *
You are engulfed in flames!
You die...

.....## ...÷...
...÷...## ..o.÷.##
...o.# #.[.## #...#
###### ###
##.o.###.##.## ☼☼#
###.5..#...3@..##
#####))5..##.43##...#
)[...)...##.........##
.))..o..###..........#
)).)4.###...........##
...5.##...#.....#.###
..........o......##
..........#......#
.................#


You could see a sun demon (summoned), an orange demon (summoned) and a ynoxinul
(summoned).

Vanquished Creatures
  A hydra (D:13)
  A two-headed ogre (D:13)
  2 orc high priests (Orc:2)
  A wizard (D:13)
  5 orc knights (Orc:2)
  2 ugly things (D:13)
  3 cyclopes
  2 manticores (D:12)
  2 orc sorcerers (Orc:2)
  A gargoyle (D:12)
  A kobold demonologist (D:12)
  A komodo dragon (D:11)
  3 trolls
  3 hornets
  12 yaks
  3 wraiths
  A wyvern (D:11)
  A yak (shapeshifter) (D:13)
  2 vampires
  4 vampire mosquitoes (D:13)
  A basilisk (shapeshifter) (D:13)
  A soldier ant (D:10)
  14 orc warriors
  A water moccasin (D:12)
  4 sky beasts
  4 ice beasts
  2 black bears
  2 necrophages
  A phantom (D:5)
  A hornet zombie (D:7)
  7 ogres
  10 centaurs
  3 big kobolds
  An elf zombie (D:8)
  10 bullfrogs
  5 scorpions
  9 killer bees
  4 wights (D:13)
  4 howler monkeys
  2 bullfrog zombies
  A crimson imp (D:13)
  7 jellies
  A quasit (D:10)
  4 human zombies (D:8)
  14 orc priests
  3 centaur skeletons (D:11)
  A centaur zombie (D:6)
  6 hounds
  2 bullfrog skeletons
  A gnoll shaman (D:5)
  18 orc wizards
  3 iron imps (D:7)
  Terence (D:2)
  2 human skeletons (D:8)
  3 iguanas
  9 worker ants
  2 hound skeletons
  4 mummies (D:8)
  2 worker ant zombies
  5 gnolls (D:6)
  7 river rats
  17 adders
  3 white imps
  An ooze (D:1)
  3 ufetubi
  2 adder zombies
  An adder skeleton (D:3)
  4 worms
  A dart slug (D:2)
  5 leopard geckos
  60 orcs
  5 giant cockroaches
  8 goblins
  6 hobgoblins
  7 jackals
  25 kobolds
  4 quokkas
  3 ball pythons
  8 bats
  5 frilled lizards
  A leopard gecko skeleton (D:7)
  A leopard gecko zombie (D:5)
  10 rats
413 creatures vanquished.

Vanquished Creatures (collateral kills)
  A centaur skeleton (D:12)
  A bullfrog (D:12)
  A kobold (D:12)
3 creatures vanquished.

Vanquished Creatures (others)
  A quokka (D:4)
1 creature vanquished.

Grand Total: 417 creatures vanquished

Notes
Turn   | Place    | Note
-------+----------+-------------------------------------------
     0 | D:1      | saturdyl the Minotaur Gladiator began the quest for the
                  | Orb.
     0 | D:1      | Reached XP level 1. HP: 18/18 MP: 0/0
   274 | D:1      | Reached XP level 2. HP: 25/25 MP: 1/1
   984 | D:2      | Reached XP level 3. HP: 30/30 MP: 2/2
   997 | D:2      | Reached skill level 1 in Armour
  1385 | D:2      | Found a shadowy altar of Dithmenos.
  1718 | D:2      | Noticed Terence
  1728 | D:2      | Killed Terence
  1729 | D:2      | Reached XP level 4. HP: 37/37 MP: 3/3
  1947 | D:3      | Reached skill level 3 in Fighting
  2010 | D:3      | Found a sacrificial altar of Ru.
  2247 | D:3      | Reached skill level 5 in Long Blades
  2262 | D:3      | Reached XP level 5. HP: 43/45 MP: 4/4
  2289 | D:3      | Found a glowing drain.
  2294 | Sewer    | Entered a sewer
  2308 | Sewer    | Reached skill level 1 in Maces & Flails
  2591 | Sewer    | Found a glowing silver altar of Zin.
  2825 | D:3      | Reached XP level 6. HP: 51/51 MP: 5/5
  3195 | D:3      | You fall into a shaft and drop 1 floor!
  3783 | D:4      | Reached XP level 7. HP: 58/58 MP: 6/6
  3798 | D:4      | Found a white marble altar of Elyvilon.
  3832 | D:4      | Reached skill level 4 in Fighting
  4268 | D:4      | Found a shimmering blue altar of Sif Muna.
  4268 | D:4      | Found an ornate altar of the Wu Jian Council.
  4279 | D:4      | Found a blossoming altar of Fedhas.
  4304 | D:4      | Found an ancient bone altar of Kikubaaqudgha.
  4306 | D:4      | Found a stormy altar of Qazlal.
  4468 | D:5      | Entered Level 5 of the Dungeon
  4644 | D:4      | Became a worshipper of the Wu Jian Council
  4708 | D:5      | Reached skill level 5 in Maces & Flails
  4750 | D:5      | Found a sparkling altar of Nemelex Xobeh.
  5208 | D:5      | Reached XP level 8. HP: 57/67 MP: 7/7
  5212 | D:5      | Reached skill level 5 in Fighting
  5562 | D:6      | Reached * piety under Wu Jian
  5652 | D:6      | Reached skill level 5 in Armour
  5906 | D:6      | Found a staircase to the Ecumenical Temple.
  6061 | D:6      | Found an ancient bone altar of Kikubaaqudgha.
  6508 | D:7      | Reached skill level 6 in Fighting
  6636 | D:7      | Reached XP level 9. HP: 75/75 MP: 8/8
  7105 | D:7      | Found a broken altar of Ashenzari.
  7157 | D:7      | Reached skill level 5 in Throwing
  7210 | D:7      | Found a burning altar of Makhleb.
  7246 | D:7      | Reached ** piety under Wu Jian
  7309 | D:7      | Found Jocu's General Store.
  7761 | D:7      | Bought a scroll of teleportation for 39 gold pieces
  8373 | D:8      | Reached skill level 7 in Fighting
  8556 | D:8      | Found a staircase to the Lair.
  8760 | D:8      | Found a basalt altar of Yredelemnul.
  8874 | D:8      | Reached skill level 10 in Maces & Flails
  9530 | D:9      | Reached XP level 10. HP: 56/88 MP: 9/9
  9720 | D:9      | Reached *** piety under Wu Jian
 10210 | D:10     | Entered Level 10 of the Dungeon
 10661 | D:10     | Got a steaming hand axe
 10662 | D:10     | Identified the +8 hand axe of Inquiry {vorpal, Fragile
                  | +Rage rC+ Will+} (You found it on level 10 of the Dungeon)
 10731 | D:10     | Reached skill level 8 in Fighting
 10880 | D:10     | Reached skill level 1 in Axes
 11912 | D:11     | Found a staircase to the Orcish Mines.
 12085 | D:11     | Noticed a cyclops
 12108 | D:11     | Reached skill level 9 in Fighting
 12120 | D:11     | Killed a cyclops
 12386 | D:11     | Noticed a cyclops
 12396 | D:11     | Killed a cyclops
 12414 | D:11     | Reached skill level 5 in Axes
 12417 | D:11     | Reached **** piety under Wu Jian
 12453 | D:11     | Reached XP level 11. HP: 92/99 MP: 10/10
 12811 | D:12     | Reached skill level 10 in Fighting
 12820 | D:12     | Reached skill level 10 in Armour
 13088 | D:12     | Got a crystal hand axe
 13089 | D:12     | Identified the +3 hand axe of Dawn {drain, rF+ Str-3
                  | Stlth+} (You found it on level 12 of the Dungeon)
 13855 | D:13     | Noticed a seven-headed hydra
 13879 | D:13     | Killed a 13-headed hydra
 13880 | D:13     | Reached skill level 11 in Fighting
 14174 | D:13     | Noticed a cyan ugly thing
 14178 | D:13     | Noticed a two-headed ogre
 14524 | D:13     | Killed a cyan ugly thing
 14640 | D:13     | Reached ***** piety under Wu Jian
 14695 | D:13     | Killed a two-headed ogre
 14941 | D:13     | Noticed a wizard
 14951 | D:13     | Killed a wizard
 14952 | D:13     | Reached XP level 12. HP: 83/112 MP: 11/11
 15643 | D:13     | Reached skill level 12 in Fighting
 15670 | D:13     | Found a gate to the Vaults.
 15670 | D:13     | Noticed a boulder beetle
 15670 | D:13     | Noticed a vault guard
 15670 | D:13     | Noticed a vault guard
 15670 | D:13     | Noticed a vault guard
 15670 | D:13     | Noticed a vault guard
 15670 | D:13     | Noticed a boulder beetle
 15960 | Orc:1    | Entered Level 1 of the Orcish Mines
 16175 | Orc:2    | Entered Level 2 of the Orcish Mines
 16276 | Orc:2    | Found a staircase to the Elven Halls.
 17499 | Orc:2    | Reached skill level 10 in Axes
 17504 | Orc:2    | Noticed an orc high priest
 17515 | Orc:2    | Killed an orc high priest
 17979 | Orc:2    | Noticed an orc high priest
 17989 | Orc:2    | Killed an orc high priest
 17993 | Orc:2    | Noticed an orc high priest
 18027 | Orc:2    | Reached skill level 13 in Fighting
 18066 | Orc:2    | Slain by a sun demon

Illustrated notes

Levels and vault maps discovered:
D:1:      psy_arrival_terrarium, layout_loops_ring, chequers_garden,
          grunt_decor_resistance, minmay_heptomino_d4
D:2:      lemuel_upstairs_altar, layout_loops_ring,
          amcnicky_mini_rare_corridor_liquid, grunt_dithmenos_smoke,
          uniq_terence
D:3:      layout_loops_corners, hangedman_ru_absence,
          nzn_hepliaklqana_mist_gate, lightli_sewer_entry_pipes, st_stairs_12,
          minmay_three_crescents, uniq_sigmund
D:4:      layout_loops_ring, chequers_temple_overflow_minitemple,
          elyvilon_altar_4
D:5:      layout_rooms, nemelex_altar_shiori
D:6:      layout_basic, minmay_temple_entry_slanted, basic_altar
D:7:      layout_basic, general_overflow_altar, demons_altar, serial_shops,
          nicolae_shop_behind_doors, hex_intersection
D:8:      layout_loops_corners, lemuel_mausoleum_altar_yredelemnul,
          lair_entry_dummy, serial_glass, glass_columns_a, glass_columns_a
D:9:      layout_basic
D:10:     layout_irregular_city
D:11:     layout_loops_corners, orc_0_dummy
D:12:     layout_rooms, minmay_tree_intersection
D:13:     layout_loops_ring, lightli_vaults_fourway_checkpoint,
          portal_ice_cave_entry_pillars_1, lightli_wizard_tower
Orc:1:    layout_caves, uniq_nergalle
Orc:2:    grunt_orc_tribal_feast, layout_caves

Skill      XL: |  1  2  3  4  5  6  7  8  9 10 11 12 |
---------------+-------------------------------------+-----
Long Blades    | 4 5 |  5.2
Armour         | 1 3 4 6 7 9 11 12 | 12.9
Dodging        | 4 |  4.5
Fighting       | 3 4 6 7 9 11 13 | 13.0
Maces & Flails | 2 4 6 8 10 | 10.7
Throwing       | 3 4 6 |  6.3
Axes           | 5 8 10 | 10.7
Stealth        | |  0.1

Action                   |  1- 3 |  4- 6 |  7- 9 | 10-12 || total
-------------------------+-------+-------+-------+-------++-------
Melee: Long sword        |    61 |       |       |       ||    61
       Headbutt          |    13 |    34 |    79 |   153 ||   279
       Flail             |       |   181 |   388 |    47 ||   616
       Hand axe          |       |       |       |   568 ||   568
Throw: Throwing net      |       |     1 |       |       ||     1
Invok: Lunge             |       |       |    31 |    44 ||    75
       Whirlwind         |       |       |    30 |    58 ||    88
       Serpent's Lash    |       |       |       |     1 ||     1
       Heavenly Storm    |       |       |       |     1 ||     1
 Abil: Evoke Berserk Rag |       |       |       |     9 ||     9
Evoke: Wand              |       |       |     4 |       ||     4
       Box of beasts     |       |       |       |     1 ||     1
  Use: Scroll            |       |       |    10 |    19 ||    29
       Potion            |       |       |       |     6 ||     6
 Stab: Distracted        |       |       |       |     1 ||     1
Armor: Leather armour    |     7 |       |       |       ||     7
       Ring mail         |    25 |       |       |       ||    25
       Scale mail        |       |   122 |   159 |       ||   281
       Plate armour      |       |       |    81 |   333 ||   414
Dodge: Dodged            |    57 |   115 |   215 |   261 ||   648
       Rpst.: Long sword |    16 |       |       |       ||    16

Table legend: (Time is in decaauts)
 A = Elapsed time spent in this place.
 B = Non-inter-level travel time spent in this place.
 C = Inter-level travel time spent in this place.
 D = Time resting spent in this place.
 E = Time spent auto-exploring this place.
 F = Levels seen in this place.
 G = Mean time per level.
                   A        B        C        D        E       F      G
               +--------+--------+--------+--------+--------+-----+--------+
         Total |  18244 |  16679 |   1565 |   4115 |   5303 |  16 | 1140.2 |
       Dungeon |  15520 |  13966 |   1554 |   3110 |   4681 |  13 | 1193.8 |
  Orcish Mines |   2107 |   2096 |     11 |    816 |    518 |   2 | 1053.5 |
         Sewer |    616 |    616 |      0 |    189 |    104 |   1 |  616.0 |
               +--------+--------+--------+--------+--------+-----+--------+

Top non-repeatable levels by time:
    D:13: 1996 daAuts
   Orc:2: 1896 daAuts
     D:7: 1597 daAuts
     D:4: 1486 daAuts
    D:10: 1471 daAuts
     D:8: 1261 daAuts
    D:11: 1222 daAuts
     D:9: 1161 daAuts
     D:2: 1056 daAuts
    D:12: 1043 daAuts
     D:1: 895 daAuts
     D:5: 879 daAuts
     D:3: 803 daAuts
     D:6: 645 daAuts
   Sewer: 616 daAuts
